 Dungeon Crawl Stone Soup version 0.27.1-4-g1640c2035a (webtiles) character file.

Game seed: 5603674130871802083

431 AarnesTheHuman the Covered (level 6, -4/51 HPs)
             Began as a Barachi Fighter on Nov 3, 2021.
             Slain by a water moccasin (6 damage)
             ... on level 5 of the Dungeon.
             The game lasted 00:06:49 (6040 turns).

AarnesTheHuman the Covered (Barachi Fighter)        Turns: 6040, Time: 00:06:50

Health: -4/51      AC:  7    Str: 20    XL:     6   Next: 99%
Magic:  6/6        EV:  7    Int:  8    God:
Gold:   198        SH: 11    Dex: 11    Spells: 5/5 levels left

rFire    . . .     SeeInvis .   a - +1 long sword (venom)
rCold    . . .     Faith    .   c - +1 kite shield
rNeg     . . .     Spirit   .   b - +0 scale mail
rPois    .         Reflect  .   (no helmet)
rElec    .         Harm     .   (no cloak)
rCorr    .         Rampage  .   (no gloves)
Will     .....                  (no boots)
Stlth    ..........             (no amulet)
HPRegen  0.17/turn              (no ring)
MPRegen  0.10/turn              (no ring)

@: lethally poisoned (-4 -> -25), slow
A: amphibious, slowness 1, strong legs 1, +LOS
a: Hop


You were on level 5 of the Dungeon.
You visited 1 branch of the dungeon, and saw 5 of its levels.

You collected 198 gold pieces.

Inventory:

Hand Weapons
 a - a +1 long sword of venom (weapon)
 f - a +0 hunting sling
 h - a +0 hand axe of pain
 t - a +2 short sword of speed
Missiles
 e - 45 sling bullets
 p - 39 stones
 q - 28 poisoned darts (quivered)
Armour
 b - a +0 scale mail (worn)
 c - a +1 kite shield (worn)
Wands
 i - a wand of acid (10)
Scrolls
 g - a scroll of blinking
 l - a scroll of amnesia
 m - 5 scrolls of teleportation
 n - a scroll of enchant armour
 r - a scroll of holy word {unknown}
Potions
 d - a potion of might
 j - a potion of curing
 k - a potion of heal wounds {unknown}
 o - a potion of berserk rage
 s - a potion of attraction {unknown}


   Skills:
 + Level 5.5 Fighting
 + Level 4.8 Long Blades
 + Level 5.5 Armour
 + Level 5.0 Shields


You had 5 spell levels left.
You didn't know any spells.
Your spell library contained the following spells:

 Spells                   Type           Power      Damage    Failure   Level
 Call Canine Familiar     Summ           0%         N/A       100%        3
 Portal Projectile        Hex/Tloc       0%         N/A       100%        3
 Leda's Liquefaction      Hex/Erth       0%         N/A       100%        4


Dungeon Overview and Level Annotations

Branches:
Dungeon (5/15)
 Temple: D:4-7

Altars:
Xom

Annotations:
D:4 exclusion: downstairs
D:5 Pikel


Innate Abilities, Weirdness & Mutations

You are amphibious.
You cover ground slowly.
You can hop short distances.
You have an extended range of vision and can be seen from far away.


Message History

You block the water moccasin's attack.
You miss the water moccasin. You block the water moccasin's attack.
The water moccasin bites you.
You slash the water moccasin!
The water moccasin is heavily wounded.
The water moccasin barely misses you.
You riposte.
You slash the water moccasin!
The water moccasin is severely wounded.
You closely miss the water moccasin.
The water moccasin is severely wounded.
You block the water moccasin's attack.
The water moccasin bites you but does no damage.
You barely miss the water moccasin.
The water moccasin is severely wounded.
You block the water moccasin's attack. The water moccasin bites you.
You are poisoned.
The water moccasin poisons you!
You miss the water moccasin.
The water moccasin is severely wounded.
You feel very sick. You block the water moccasin's attack.
The water moccasin bites you.
You are more poisoned.
The water moccasin poisons you!
You barely miss the water moccasin.
The water moccasin is severely wounded.
You feel very sick.
You block the water moccasin's attack. x2
You completely miss the water moccasin.
The water moccasin is severely wounded.
You feel very sick. The water moccasin bites you.
You are lethally poisoned!
The water moccasin poisons you! The water moccasin bites you.
* * * LOW HITPOINT WARNING * * *
You barely miss the water moccasin.
The water moccasin is severely wounded.
* * * LOW HITPOINT WARNING * * *
You feel extremely sick. The water moccasin bites you.
You die...

#... ##...........
####....##...########
...........).....# ..#.
#....##....##### ...
#....####..#...# ..#
#.#....<รท.>#.#.#### ..#
#.######.....#.....
########..#####S#.....###########
#...5.5...#.....@.#.#.#...K.5.#
....5.Z..##.###.#####.#5#####.#
#.#####n....# #. ..#.#.O.#.#
#.##### ## ..#K#.#.#K# #5#
...#.#<#O#.# #.# ...#.###.#5# #K#
....#.K..K#.# #.# [...#######5##
#.# #.....5.#


You could see a water moccasin.

Vanquished Creatures
  A lemure (D:4)
  A scorpion (D:5)
  A hound (D:3)
  An orc priest (D:4)
  A bullfrog skeleton (D:4)
  2 orc wizards
  3 iguanas (D:4)
  A hound skeleton (D:5)
  2 adders
  4 gnolls
  An ufetubus (D:4)
  2 worms
  11 orcs
  6 endoplasms
  4 giant cockroaches
  4 goblins
  5 hobgoblins
  6 jackals
  3 kobolds
  4 quokkas
  6 ball pythons
  3 bats
  3 frilled lizards
  4 rats
79 creatures vanquished.

Notes
Turn   | Place    | Note
-------+----------+-------------------------------------------
     0 | D:1      | AarnesTheHuman the Barachi Fighter began the quest for the
                  | Orb.
     0 | D:1      | Reached XP level 1. HP: 18/18 MP: 1/1
   106 | D:1      | Reached XP level 2. HP: 20/25 MP: 2/2
  1138 | D:2      | Reached XP level 3. HP: 19/30 MP: 3/3
  1690 | D:2      | Reached XP level 4. HP: 31/37 MP: 4/4
  2768 | D:3      | Found a shimmering altar of Xom.
  3342 | D:3      | Found a faded altar of an unknown god.
  3411 | D:3      | Reached XP level 5. HP: 39/43 MP: 5/5
  3866 | D:3      | Reached skill level 5 in Armour
  3866 | D:3      | Reached XP level 6. HP: 24/50 MP: 6/6
  4034 | D:3      | Reached skill level 5 in Fighting
  5033 | D:5      | Entered Level 5 of the Dungeon
  5439 | D:5      | Noticed a necrophage
  5440 | D:5      | Noticed Pikel
  5736 | D:4      | Reached skill level 5 in Shields
  6028 | D:5      | Noticed a water moccasin
  6040 | D:5      | HP: 2/51 [poisoned by a water moccasin]
  6040 | D:5      | Slain by a water moccasin

Illustrated notes

Levels and vault maps discovered:
D:1:      eino_arrival_tree_alley, layout_basic
D:2:      layout_loops_corners
D:3:      layout_loops_ring, mainiacjoe_overflow_concentric_impassable,
          chequers_ecumenical_altar_twisty
D:4:      layout_loops_corners
D:5:      layout_basic, gammafunk_ghost_hive, uniq_pikel

Skill      XL: |  1  2  3  4  5  6 |
---------------+-------------------+-----
Armour         | 4 5 |  5.5
Fighting       | 4 5 |  5.5
Long Blades    | 3 4 |  4.8
Shields        | 4 5 |  5.0

Action                   |  1- 3 |  4- 6 || total
-------------------------+-------+-------++-------
Melee: Long sword        |    97 |   193 ||   290
Throw: Dart              |       |     7 ||     7
  Use: Scroll            |       |    11 ||    11
       Potion            |       |     1 ||     1
Armor: Scale mail        |    48 |   101 ||   149
Dodge: Dodged            |    30 |    64 ||    94
Block: Kite shield       |    59 |   100 ||   159
       Rpst.: Long sword |     8 |    21 ||    29
